Kelowna Rockets vs Tucson Roadrunners
Created - Sunday, September 10, 2023 at 06:25
Goals
|
| Kelowna Rockets |
0 |
1 |
0 |
1 |
| Tucson Roadrunners |
2 |
1 |
3 |
6 |
|
Shots
|
| Kelowna Rockets |
3 |
25 |
6 |
34 |
| Tucson Roadrunners |
16 |
10 |
9 |
35 |
|
1st period
1. Tucson Roadrunners , Johnathan Kovacevic 2 (Ross Colton 7, William Carrier 8) at 15:44 (PP)
2. Tucson Roadrunners , Walker Duehr 2 (Marian Studenic 2) at 19:51
Penalties :
Robert Hagg (TRR) for Fighting (Major) at 10:28, Mavrik Bourque (KEL) for Fighting (Major) at 10:28, Lauri Pajuniemi (KEL) for Hooking (Minor) at 14:10, Alex Belzile (TRR) for Fighting (Major) at 15:57, Alex Peters (KEL) for Fighting (Major) at 15:57, Ty Dellandrea (KEL) for High sticking (Minor) at 17:40
2nd period
3. Kelowna Rockets , Matias Maccelli 4 (Joseph Gambardella 3, Mavrik Bourque 2) at 8:52
4. Tucson Roadrunners , Johnathan Kovacevic 3 (Marian Studenic 3, Benjamin Jones 2) at 16:20
Penalties :
Anttoni Honka (KEL) for Close Hand On Puck (Minor) at 0:21, Carson Soucy (TRR) for Roughing (Minor) at 2:58, Robert Hagg (TRR) for Holding (Minor) at 13:54
3rd period
5. Tucson Roadrunners , Matt Nieto 7 (Robert Hagg 4, Ross Colton 8) at 8:13
6. Tucson Roadrunners , Marian Studenic 2 (Benjamin Jones 3, Johnathan Kovacevic 2) at 11:14
7. Tucson Roadrunners , Ross Colton 5 (Matt Nieto 6, William Carrier 9) at 13:36 (PP)
Penalties :
Alex Peters (KEL) for Hooking (Minor) at 0:22, Ross Colton (TRR) for Holding (Minor) at 5:48, Alex Peters (KEL) for Hooking (Minor) at 8:44, Ty Dellandrea (KEL) for Roughing (Minor) at 12:17, Nick Seeler (TRR) for Unsportsmanlike conduct (Major / Game Misconduct) at 15:51
Goalie Stats
Arvid Holm (KEL), 29 saves from 35 shots - (0.829), L, 1-5-0, 60:00 minutes
Elvis Merzlikins (TRR), 33 saves from 34 shots - (0.971), W, 6-3-0, 60:00 minutes
Players Stats for Kelowna Rockets
Player Name G A P +/- PIM S H SB GA TA FO MP PP MP PK MP
------------------------------------------------------------------------------------
Alex Peters 0 0 0 -1 9 1 2 0 0 2 0/0 21:38 4:57 2:08
Anttoni Honka 0 0 0 -1 2 0 1 0 0 2 0/0 25:01 4:57 4:16
Connor Zary 0 0 0 1 0 0 0 0 0 0 0/1 4:40 0:00 0:00
Eemil Viro 0 0 0 -2 0 0 0 2 0 0 0/0 14:45 1:01 3:29
Jack Drury 0 0 0 0 0 1 0 0 0 0 5/14 15:36 4:25 0:00
Jasper Weatherby 0 0 0 0 0 0 0 0 0 0 0/0 2:48 1:08 0:17
Jesse Ylonen 0 0 0 -1 0 2 0 0 0 0 4/10 20:04 4:32 5:07
Joel Kiviranta 0 0 0 -1 0 2 2 1 1 0 0/0 21:14 4:25 5:07
Joseph Gambardella 0 1 1 1 0 1 0 0 0 0 0/0 7:23 0:27 1:58
Kim Nousiainen 0 0 0 -3 0 2 1 1 0 0 0/0 13:35 1:01 0:34
Lauri Pajuniemi 0 0 0 -3 2 3 1 2 0 0 0/0 12:54 0:39 0:00
Lucas Johansen 0 0 0 0 0 1 0 0 0 2 0/0 23:28 4:07 6:03
Matias Maccelli 1 0 1 1 0 4 2 1 1 0 4/5 23:59 4:34 4:56
Mavrik Bourque 0 1 1 -3 5 8 0 0 0 0 4/9 11:18 0:00 0:04
Oskar Back 0 0 0 0 0 0 3 0 0 1 0/0 15:51 4:40 0:00
Oskari Laaksonen 0 0 0 0 0 1 1 1 0 1 0/0 22:51 4:07 5:26
Roby Jarventie 0 0 0 -3 0 3 1 1 0 1 0/0 14:09 1:00 0:36
Ty Dellandrea 0 0 0 0 4 5 0 0 1 0 8/21 18:11 4:25 3:37
Players Stats for Tucson Roadrunners
Player Name G A P +/- PIM S H SB GA TA FO MP PP MP PK MP
------------------------------------------------------------------------------------
Alex Belzile 0 0 0 0 5 0 0 0 0 1 0/0 16:04 3:12 1:55
Anthony Richard 0 0 0 0 0 2 2 0 0 0 1/2 11:22 0:00 2:51
Benjamin Jones 0 2 2 3 0 1 2 0 0 0 3/3 5:55 0:00 0:00
Carson Soucy 0 0 0 0 2 0 4 0 0 2 0/0 26:11 6:06 4:03
Johnathan Kovacevic 2 1 3 3 0 3 1 1 1 0 0/0 23:03 4:43 4:25
Marian Studenic 1 2 3 3 0 2 1 0 1 0 0/0 6:34 0:12 0:00
Mark Jankowski 0 0 0 1 0 0 1 0 0 0 9/13 17:04 4:19 0:52
Matt Nieto 1 1 2 0 0 4 1 1 1 0 0/1 22:21 6:18 3:44
Matthew Highmore 0 0 0 0 0 2 2 0 1 0 0/0 10:36 0:24 0:51
Mikhail Maltsev 0 0 0 0 0 0 1 0 0 0 2/3 10:37 1:07 0:00
Nick Seeler 0 0 0 0 15 4 0 0 0 0 0/0 14:01 1:11 3:18
Nicolas Petan 0 0 0 0 0 1 3 1 0 0 0/0 18:32 4:19 2:23
Radim Simek 0 0 0 0 0 2 1 0 0 0 0/0 20:30 6:19 3:42
Robert Hagg 0 1 1 3 7 0 1 1 1 0 0/0 18:56 3:19 2:26
Ross Colton 1 2 3 0 2 7 1 0 3 0 19/37 22:08 6:18 3:28
Simon Benoit 0 0 0 0 0 0 1 1 0 0 0/0 17:09 0:00 1:46
Walker Duehr 1 0 1 3 0 3 0 0 0 0 0/0 5:55 0:00 0:00
William Carrier 0 2 2 -1 0 4 4 0 1 0 1/1 22:51 6:18 4:36
3 Stars
1 - Johnathan Kovacevic (TRR)
2 - Marian Studenic (TRR)
3 - Elvis Merzlikins (TRR)
Power Play
Kelowna Rockets - 0 on 4 Attempt(s) - 0.00%
Tucson Roadrunners - 2 on 6 Attempt(s) - 33.33%
Penalty Kill
Kelowna Rockets - 4 on 6 Attempt(s) - 66.67%
- Score 0 goal in Penalty Kill
Tucson Roadrunners - 4 on 4 Attempt(s) - 100.00%
- Score 0 goal in Penalty Kill
Team Stat
Kelowna Rockets - Hits : 14 - Faceoff Wins : 25 - Blocked Shots : 9 - Penalty Minutes : 22
Tucson Roadrunners - Hits : 26 - Faceoff Wins : 35 - Blocked Shots : 5 - Penalty Minutes : 31
Official
Referees : Dan O'Halloran and Dan O'Rourke
Linesman : Kiel Murchison and Derek Nansen
Game Notes
Mavrik Bourque beats up Robert Hagg at 10:28 of 1st period
Alex Belzile and Alex Peters fight to a draw at 15:57 of 1st period
Nick Seeler ejected from game at 15:51 of 3rd period
Kelowna Rockets
5 vs 5 Forward
Center Left Wing Right Wing Time % Phy DF OF
1 Ty Dellandrea Matias Maccelli Jesse Ylonen 30 1 2 2
2 Jack Drury Joel Kiviranta Oskar Back 30 1 2 2
3 Mavrik Bourque Roby Jarventie Lauri Pajuniemi 25 1 2 2
4 Connor Zary Joseph Gambardella Matias Maccelli 15 1 2 2
5 vs 5 Defense
Defense Defense Time % Phy DF OF
1 Alex Peters Anttoni Honka 30 1 2 2
2 Lucas Johansen Oskari Laaksonen 30 1 2 2
3 Kim Nousiainen Eemil Viro 25 1 2 2
4 Alex Peters Anttoni Honka 15 1 2 2
PowerPlay Forward
Center Left Wing Right Wing Time % Phy DF OF
1 Ty Dellandrea Matias Maccelli Jesse Ylonen 50 1 2 2
2 Jack Drury Joel Kiviranta Oskar Back 50 1 2 2
PowerPlay Defense
Defense Defense Time % Phy DF OF
1 Alex Peters Anttoni Honka 50 1 2 2
2 Lucas Johansen Oskari Laaksonen 50 1 2 2
Penalty Kill 4 Players Forward
Center Wing Time % Phy DF OF
1 Matias Maccelli Ty Dellandrea 50 1 2 2
2 Jesse Ylonen Joel Kiviranta 50 1 2 2
Penalty Kill 4 Players Defense
Defense Defense Time % Phy DF OF
1 Alex Peters Anttoni Honka 50 1 2 2
2 Lucas Johansen Oskari Laaksonen 50 1 2 2
Penalty Kill - 3 Players Forward
Forward Time % Phy DF OF
1 Matias Maccelli 50 1 2 2
2 Ty Dellandrea 50 1 2 2
Penalty Kill - 3 Players Defense
Defense Defense Time % Phy DF OF
1 Alex Peters Anttoni Honka 50 1 2 2
2 Lucas Johansen Oskari Laaksonen 50 1 2 2
4 vs 4 Forward
Center Wing Time % Phy DF OF
1 Matias Maccelli Ty Dellandrea 50 1 2 2
2 Jesse Ylonen Joel Kiviranta 50 1 2 2
4 vs 4 Defense
Defense Defense Time % Phy DF OF
1 Alex Peters Anttoni Honka 50 1 2 2
2 Lucas Johansen Oskari Laaksonen 50 1 2 2
Last Minutes Offensive
Center Left Wing Right Wing Defense Defense
Ty Dellandrea Matias Maccelli Jesse Ylonen Alex Peters Anttoni Honka
Last Minutes Defensive
Center Left Wing Right Wing Defense Defense
Ty Dellandrea Matias Maccelli Jesse Ylonen Alex Peters Anttoni Honka
Goaltenders
Starting : Arvid Holm
Backup : Justus Annunen
Extra Forwards
Normal : Jasper Weatherby, Roby Jarventie, Joseph Gambardella - PP : Jasper Weatherby, Roby Jarventie - PK : Joseph Gambardella
Extra Defensemen
Normal : Kim Nousiainen, Eemil Viro, Lucas Johansen - PP : Kim Nousiainen - PK : Eemil Viro, Lucas Johansen
Penalty Shots
Matias Maccelli, Ty Dellandrea, Jesse Ylonen, Joel Kiviranta, Roby Jarventie
Tucson Roadrunners
5 vs 5 Forward
Center Left Wing Right Wing Time % Phy DF OF
1 Ross Colton William Carrier Matt Nieto 40 0 2 3
2 Mark Jankowski Nicolas Petan Alex Belzile 30 0 2 3
3 Mikhail Maltsev Matthew Highmore Anthony Richard 20 1 2 2
4 Benjamin Jones Marian Studenic Walker Duehr 10 1 2 2
5 vs 5 Defense
Defense Defense Time % Phy DF OF
1 Simon Benoit Carson Soucy 40 1 3 1
2 Johnathan Kovacevic Robert Hagg 35 1 3 1
3 Radim Simek Nick Seeler 25 1 3 1
4 Robert Hagg Carson Soucy 0 1 2 2
PowerPlay Forward
Center Left Wing Right Wing Time % Phy DF OF
1 Ross Colton William Carrier Matt Nieto 55 0 1 4
2 Mark Jankowski Nicolas Petan Alex Belzile 45 1 1 3
PowerPlay Defense
Defense Defense Time % Phy DF OF
1 Radim Simek Carson Soucy 55 1 1 3
2 Johnathan Kovacevic Robert Hagg 45 1 1 2
Penalty Kill 4 Players Forward
Center Wing Time % Phy DF OF
1 Ross Colton William Carrier 60 1 3 1
2 Matt Nieto Alex Belzile 40 1 3 1
Penalty Kill 4 Players Defense
Defense Defense Time % Phy DF OF
1 Nick Seeler Carson Soucy 60 1 3 1
2 Johnathan Kovacevic Robert Hagg 40 1 3 1
Penalty Kill - 3 Players Forward
Forward Time % Phy DF OF
1 Ross Colton 60 1 2 2
2 William Carrier 40 1 2 2
Penalty Kill - 3 Players Defense
Defense Defense Time % Phy DF OF
1 Nick Seeler Carson Soucy 60 1 2 2
2 Johnathan Kovacevic Robert Hagg 40 1 2 2
4 vs 4 Forward
Center Wing Time % Phy DF OF
1 Ross Colton William Carrier 55 1 2 2
2 Matt Nieto Nicolas Petan 45 1 2 2
4 vs 4 Defense
Defense Defense Time % Phy DF OF
1 Radim Simek Carson Soucy 55 1 2 2
2 Johnathan Kovacevic Robert Hagg 45 1 2 2
Last Minutes Offensive
Center Left Wing Right Wing Defense Defense
Ross Colton William Carrier Matt Nieto Robert Hagg Carson Soucy
Last Minutes Defensive
Center Left Wing Right Wing Defense Defense
Ross Colton William Carrier Matt Nieto Robert Hagg Carson Soucy
Goaltenders
Starting : Elvis Merzlikins
Backup : Jaroslav Halak
Extra Forwards
Normal : Mikhail Maltsev, Matthew Highmore, Anthony Richard - PP : Mikhail Maltsev, Matthew Highmore - PK : Anthony Richard
Extra Defensemen
Normal : Radim Simek, Nick Seeler, Johnathan Kovacevic - PP : Radim Simek - PK : Nick Seeler, Johnathan Kovacevic
Penalty Shots
Ross Colton, William Carrier, Matt Nieto, Mark Jankowski, Alex Belzile
% Time on Ice - Kelowna Rockets
Lines # - Real PCT - Wanted PCT - Time Play
Normal Forward
1 - 26% - 30% - 10:11
2 - 31% - 30% - 11:59
3 - 31% - 25% - 12:16
4 - 12% - 15% - 4:40
Normal Defense
1 - 31% - 30% - 12:07
2 - 34% - 30% - 13:18
3 - 24% - 25% - 9:33
4 - 11% - 15% - 4:08
PP Forward
1 - 49% - 50% - 4:58
2 - 51% - 50% - 5:07
PP Defense
1 - 52% - 50% - 5:15
2 - 48% - 50% - 4:50
PK Forward
1 - 50% - 50% - 5:27
2 - 50% - 50% - 5:22
PK Defense
1 - 50% - 50% - 5:23
2 - 50% - 50% - 5:26
PK3 Forward
1 - 0% - 50%
2 - 0% - 50%
PK3 Defense
1 - 0% - 50%
2 - 0% - 50%
44 Forward
1 - 0% - 50%
2 - 0% - 50%
44 Defense
1 - 0% - 50%
2 - 0% - 50%
Last Minute Offensive - 0:00
Last Minute Defensive - 0:00
Total
Forward - 60:00
Defense - 60:00
|
% Time on Ice - Tucson Roadrunners
Lines # - Real PCT - Wanted PCT - Time Play
Normal Forward
1 - 34% - 40% - 13:13
2 - 29% - 30% - 11:27
3 - 22% - 20% - 8:31
4 - 15% - 10% - 5:55
Normal Defense
1 - 41% - 40% - 15:55
2 - 36% - 35% - 13:54
3 - 21% - 25% - 8:14
4 - 3% - 0% - 1:03
PP Forward
1 - 60% - 55% - 6:30
2 - 40% - 45% - 4:19
PP Defense
1 - 56% - 55% - 6:06
2 - 44% - 45% - 4:43
PK Forward
1 - 81% - 60% - 8:10
2 - 19% - 40% - 1:55
PK Defense
1 - 71% - 60% - 7:12
2 - 29% - 40% - 2:53
PK3 Forward
1 - 0% - 60%
2 - 0% - 40%
PK3 Defense
1 - 0% - 60%
2 - 0% - 40%
44 Forward
1 - 0% - 55%
2 - 0% - 45%
44 Defense
1 - 0% - 55%
2 - 0% - 45%
Last Minute Offensive - 0:00
Last Minute Defensive - 0:00
Total
Forward - 60:00
Defense - 60:00
|
Play-by-Play
1st period
0:01 of 1st period - Ty Dellandrea wins face-off versus Ross Colton in neutral zone.
0:50 of 1st period - Roby Jarventie is hit by Matthew Highmore and loses puck.
2:00 of 1st period - Off-side.
2:01 of 1st period - Ross Colton wins face-off versus Ty Dellandrea in neutral zone.
2:08 of 1st period - Snap shot by Ross Colton.
2:08 of 1st period - Shot Misses the Net.
2:10 of 1st period - Wrist shot by Ross Colton.
2:10 of 1st period - Stopped by Arvid Holm with a rebound.
2:16 of 1st period - Snap shot by William Carrier.
2:16 of 1st period - Stopped by Arvid Holm with a rebound.
2:26 of 1st period - Joel Kiviranta is hit by Matthew Highmore and loses puck.
2:33 of 1st period - Mikhail Maltsev is hit by Joel Kiviranta and loses puck.
3:07 of 1st period - Connor Zary is hit by Benjamin Jones and loses puck.
3:12 of 1st period - Wrist shot by Walker Duehr.
3:12 of 1st period - Shot Misses the Net.
3:14 of 1st period - Snap shot by Walker Duehr.
3:14 of 1st period - Shot Misses the Net.
3:16 of 1st period - Slapshot by Nick Seeler.
3:16 of 1st period - Shot Blocked by Matias Maccelli.
3:18 of 1st period - Wrist shot by Walker Duehr.
3:18 of 1st period - Stopped by Arvid Holm without a rebound.
3:19 of 1st period - Jack Drury wins face-off versus Ross Colton in Kelowna Rockets zone.
3:19 of 1st period - Jack Drury is hit by William Carrier.
4:29 of 1st period - Matias Maccelli is hit by Benjamin Jones and loses puck.
4:38 of 1st period - Snap shot by Marian Studenic.
4:38 of 1st period - Stopped by Arvid Holm without a rebound.
4:39 of 1st period - Ross Colton wins face-off versus Jack Drury in Kelowna Rockets zone.
4:40 of 1st period - Snap shot by William Carrier.
4:40 of 1st period - Shot Misses the Net.
4:44 of 1st period - Snap shot by Ross Colton.
4:44 of 1st period - Stopped by Arvid Holm with a rebound.
4:46 of 1st period - Slapshot by Radim Simek.
4:46 of 1st period - Stopped by Arvid Holm with a rebound.
4:48 of 1st period - Wrist shot by William Carrier.
4:48 of 1st period - Shot Blocked by Joel Kiviranta.
4:50 of 1st period - Slapshot by Nick Seeler.
4:50 of 1st period - Stopped by Arvid Holm with a rebound.
4:52 of 1st period - Wrist shot by Radim Simek.
4:52 of 1st period - Stopped by Arvid Holm with a rebound.
4:54 of 1st period - Backhand shot by Matt Nieto.
4:54 of 1st period - Stopped by Arvid Holm without a rebound.
4:55 of 1st period - Mark Jankowski wins face-off versus Ty Dellandrea in Kelowna Rockets zone.
5:00 of 1st period - Wrist shot by Mark Jankowski.
5:00 of 1st period - Shot Misses the Net.
5:53 of 1st period - Slapshot by William Carrier.
5:53 of 1st period - Shot Misses the Net.
6:00 of 1st period - Icing by Lauri Pajuniemi.
6:01 of 1st period - Benjamin Jones wins face-off versus Mavrik Bourque in Kelowna Rockets zone.
6:02 of 1st period - Slapshot by Walker Duehr.
6:02 of 1st period - Deflect By Mark Jankowski.
6:02 of 1st period - Shot Misses the Net.
6:02 of 1st period - Puck is out of play.
6:03 of 1st period - Jack Drury wins face-off versus Mark Jankowski in Kelowna Rockets zone.
6:07 of 1st period - Off-side.
6:08 of 1st period - Mark Jankowski wins face-off versus Jack Drury in neutral zone.
6:32 of 1st period - Off-side.
6:33 of 1st period - Ty Dellandrea wins face-off versus Ross Colton in neutral zone.
7:33 of 1st period - Off-side.
7:34 of 1st period - Ross Colton wins face-off versus Matias Maccelli in neutral zone.
7:49 of 1st period - Snap shot by Matias Maccelli.
7:49 of 1st period - Stopped by Elvis Merzlikins with a rebound.
8:26 of 1st period - Slapshot by Mavrik Bourque.
8:26 of 1st period - Shot Misses the Net.
8:46 of 1st period - Marian Studenic is hit by Alex Peters and loses puck.
9:41 of 1st period - Matias Maccelli is hit by Anthony Richard and loses puck.
10:19 of 1st period - Off-side.
10:20 of 1st period - Mavrik Bourque wins face-off versus Ross Colton in neutral zone.
10:28 of 1st period - Mavrik Bourque beats up Robert Hagg.
10:28 of 1st period - Penalty to Robert Hagg for Fighting.
10:28 of 1st period - Penalty to Mavrik Bourque for Fighting.
10:29 of 1st period - Ty Dellandrea wins face-off versus Ross Colton in neutral zone.
11:23 of 1st period - Wrist shot by Lauri Pajuniemi.
11:23 of 1st period - Stopped by Elvis Merzlikins without a rebound.
11:24 of 1st period - Ty Dellandrea wins face-off versus Ross Colton in Tucson Roadrunners zone.
13:17 of 1st period - Wrist shot by Ross Colton.
13:17 of 1st period - Shot Misses the Net.
13:19 of 1st period - Slapshot by Johnathan Kovacevic.
13:19 of 1st period - Shot Blocked by Roby Jarventie.
13:21 of 1st period - Slapshot by Radim Simek.
13:21 of 1st period - Shot Blocked by Lauri Pajuniemi.
13:33 of 1st period - Johnathan Kovacevic is hit by Matias Maccelli.
13:44 of 1st period - Lucas Johansen is hit by Carson Soucy and loses puck.
14:10 of 1st period - Minor Penalty to Lauri Pajuniemi for Hooking.
14:11 of 1st period - Jesse Ylonen wins face-off versus Ross Colton in Kelowna Rockets zone.
15:00 of 1st period - Johnathan Kovacevic is hit by Joel Kiviranta and loses puck.
15:28 of 1st period - Penalty to Mavrik Bourque is over, Mavrik Bourque is back on ice.
15:40 of 1st period - Wrist shot by Ross Colton.
15:40 of 1st period - Stopped by Arvid Holm with a rebound.
15:42 of 1st period - Slapshot by Johnathan Kovacevic.
15:42 of 1st period - Deflect By Ty Dellandrea.
15:42 of 1st period - Stopped by Arvid Holm with a rebound.
15:44 of 1st period - Backhand shot by Johnathan Kovacevic.
15:44 of 1st period - Goal by Johnathan Kovacevic - Kelowna Rockets : 0 - Tucson Roadrunners : 1.
15:45 of 1st period - Mark Jankowski wins face-off versus Mavrik Bourque in neutral zone.
15:57 of 1st period - Alex Belzile and Alex Peters fight to a draw.
15:57 of 1st period - Penalty to Alex Belzile for Fighting.
15:57 of 1st period - Penalty to Alex Peters for Fighting.
15:58 of 1st period - Ross Colton wins face-off versus Ty Dellandrea in neutral zone.
16:01 of 1st period - Anttoni Honka is hit by Simon Benoit and loses puck.
16:24 of 1st period - Nicolas Petan is hit by Oskar Back and loses puck.
16:45 of 1st period - Snap shot by Walker Duehr.
16:45 of 1st period - Stopped by Arvid Holm without a rebound.
16:46 of 1st period - Benjamin Jones wins face-off versus Mavrik Bourque in Kelowna Rockets zone.
16:49 of 1st period - Wrist shot by Marian Studenic.
16:49 of 1st period - Shot Blocked by Lauri Pajuniemi.
16:51 of 1st period - Slapshot by Radim Simek.
16:51 of 1st period - Shot Misses the Net.
16:53 of 1st period - Slapshot by Nick Seeler.
16:53 of 1st period - Stopped by Arvid Holm without a rebound.
16:54 of 1st period - Ty Dellandrea wins face-off versus Ross Colton in Kelowna Rockets zone.
16:59 of 1st period - Wrist shot by Matt Nieto.
16:59 of 1st period - Shot Misses the Net.
17:01 of 1st period - Slapshot by Nick Seeler.
17:01 of 1st period - Deflect By Ty Dellandrea.
17:01 of 1st period - Stopped by Arvid Holm without a rebound.
17:02 of 1st period - Ty Dellandrea wins face-off versus Matt Nieto in Kelowna Rockets zone.
17:40 of 1st period - Minor Penalty to Ty Dellandrea for High sticking.
17:41 of 1st period - Mark Jankowski wins face-off versus Jesse Ylonen in Kelowna Rockets zone.
18:16 of 1st period - Joseph Gambardella is hit by William Carrier and loses puck.
19:19 of 1st period - Icing by William Carrier.
19:20 of 1st period - Jesse Ylonen wins face-off versus Ross Colton in Tucson Roadrunners zone.
19:21 of 1st period - Wrist shot by Joel Kiviranta.
19:21 of 1st period - Deflect By Jesse Ylonen.
19:21 of 1st period - Stopped by Elvis Merzlikins with a rebound.
19:40 of 1st period - Penalty to Ty Dellandrea is over, Ty Dellandrea is back on ice.
19:51 of 1st period - Snap shot by Walker Duehr.
19:51 of 1st period - Goal by Walker Duehr - Kelowna Rockets : 0 - Tucson Roadrunners : 2.
19:52 of 1st period - Ross Colton wins face-off versus Ty Dellandrea in neutral zone.
Goals for this period are 0 for Kelowna Rockets vs 2 for Tucson Roadrunners.
Shots for this period are 3 for Kelowna Rockets vs 16 for Tucson Roadrunners.
2nd period
0:01 of 2nd period - Ross Colton wins face-off versus Jack Drury in neutral zone.
0:21 of 2nd period - Minor Penalty to Anttoni Honka for Close Hand On Puck.
0:22 of 2nd period - Jesse Ylonen wins face-off versus Ross Colton in Kelowna Rockets zone.
0:37 of 2nd period - Snap shot by Joel Kiviranta.
0:37 of 2nd period - Shot Misses the Net.
0:57 of 2nd period - Penalty to Alex Peters is over, Alex Peters is back on ice.
1:00 of 2nd period - Snap shot by Ty Dellandrea.
1:00 of 2nd period - Shot Misses the Net.
1:02 of 2nd period - Wrist shot by Matias Maccelli.
1:02 of 2nd period - Shot Blocked by Johnathan Kovacevic.
1:04 of 2nd period - Slapshot by Lucas Johansen.
1:04 of 2nd period - Shot Blocked by Matt Nieto.
1:06 of 2nd period - Snap shot by Ty Dellandrea.
1:06 of 2nd period - Stopped by Elvis Merzlikins with a rebound.
1:08 of 2nd period - Snap shot by Ty Dellandrea.
1:08 of 2nd period - Stopped by Elvis Merzlikins with a rebound.
1:10 of 2nd period - Wrist shot by Lucas Johansen.
1:10 of 2nd period - Shot Blocked by Robert Hagg.
1:12 of 2nd period - Snap shot by Alex Peters.
1:12 of 2nd period - Shot Misses the Net.
1:14 of 2nd period - Slapshot by Lucas Johansen.
1:14 of 2nd period - Deflect By William Carrier.
1:14 of 2nd period - Stopped by Elvis Merzlikins without a rebound.
1:15 of 2nd period - Mark Jankowski wins face-off versus Jesse Ylonen in Tucson Roadrunners zone.
2:21 of 2nd period - Penalty to Anttoni Honka is over, Anttoni Honka is back on ice.
2:25 of 2nd period - Matias Maccelli is hit by Robert Hagg and loses puck.
2:42 of 2nd period - Slapshot by Roby Jarventie.
2:42 of 2nd period - Stopped by Elvis Merzlikins with a rebound.
2:46 of 2nd period - Wrist shot by Roby Jarventie.
2:46 of 2nd period - Stopped by Elvis Merzlikins with a rebound.
2:48 of 2nd period - Wrist shot by Mavrik Bourque.
2:48 of 2nd period - Stopped by Elvis Merzlikins with a rebound.
2:58 of 2nd period - Minor Penalty to Carson Soucy for Roughing.
2:59 of 2nd period - Ross Colton wins face-off versus Jack Drury in Tucson Roadrunners zone.
4:13 of 2nd period - Nick Seeler is hit by Matias Maccelli and loses puck.
4:58 of 2nd period - Penalty to Carson Soucy is over, Carson Soucy is back on ice.
5:10 of 2nd period - Snap shot by Mavrik Bourque.
5:10 of 2nd period - Stopped by Elvis Merzlikins without a rebound.
5:11 of 2nd period - Mavrik Bourque wins face-off versus Mark Jankowski in Tucson Roadrunners zone.
5:12 of 2nd period - Wrist shot by Roby Jarventie.
5:12 of 2nd period - Shot Blocked by Nicolas Petan.
6:15 of 2nd period - Mark Jankowski is hit by Roby Jarventie.
6:23 of 2nd period - Snap shot by Nicolas Petan.
6:23 of 2nd period - Shot Blocked by Oskari Laaksonen.
6:45 of 2nd period - Snap shot by Anthony Richard.
6:45 of 2nd period - Stopped by Arvid Holm without a rebound.
6:46 of 2nd period - Jack Drury wins face-off versus Ross Colton in Kelowna Rockets zone.
6:46 of 2nd period - Jack Drury is hit by Johnathan Kovacevic.
7:38 of 2nd period - Snap shot by Ty Dellandrea.
7:38 of 2nd period - Stopped by Elvis Merzlikins without a rebound.
7:39 of 2nd period - Ross Colton wins face-off versus Jack Drury in Tucson Roadrunners zone.
7:43 of 2nd period - Off-side.
7:44 of 2nd period - William Carrier wins face-off versus Jack Drury in neutral zone.
7:59 of 2nd period - Wrist shot by Matt Nieto.
7:59 of 2nd period - Stopped by Arvid Holm without a rebound.
8:00 of 2nd period - Mark Jankowski wins face-off versus Ty Dellandrea in Kelowna Rockets zone.
8:25 of 2nd period - Ross Colton is hit by Oskar Back and loses puck.
8:34 of 2nd period - Snap shot by Ross Colton.
8:34 of 2nd period - Deflect By William Carrier.
8:34 of 2nd period - Stopped by Arvid Holm with a rebound.
8:52 of 2nd period - Wrist shot by Matias Maccelli.
8:52 of 2nd period - Goal by Matias Maccelli - Kelowna Rockets : 1 - Tucson Roadrunners : 2.
8:53 of 2nd period - Mark Jankowski wins face-off versus Ty Dellandrea in neutral zone.
9:00 of 2nd period - Snap shot by Ty Dellandrea.
9:00 of 2nd period - Stopped by Elvis Merzlikins without a rebound.
9:01 of 2nd period - Mark Jankowski wins face-off versus Ty Dellandrea in Tucson Roadrunners zone.
9:56 of 2nd period - Snap shot by Lauri Pajuniemi.
9:56 of 2nd period - Stopped by Elvis Merzlikins without a rebound.
9:57 of 2nd period - Ross Colton wins face-off versus Ty Dellandrea in Tucson Roadrunners zone.
10:04 of 2nd period - Matias Maccelli is hit by William Carrier and loses puck.
10:30 of 2nd period - Snap shot by Jack Drury.
10:30 of 2nd period - Stopped by Elvis Merzlikins with a rebound.
10:32 of 2nd period - Snap shot by Jack Drury.
10:32 of 2nd period - Shot Misses the Net.
10:44 of 2nd period - Snap shot by Mavrik Bourque.
10:44 of 2nd period - Stopped by Elvis Merzlikins without a rebound.
10:45 of 2nd period - Mikhail Maltsev wins face-off versus Mavrik Bourque in Tucson Roadrunners zone.
11:54 of 2nd period - Wrist shot by Joseph Gambardella.
11:54 of 2nd period - Stopped by Elvis Merzlikins with a rebound.
12:08 of 2nd period - Wrist shot by Mikhail Maltsev.
12:08 of 2nd period - Shot Misses the Net.
12:30 of 2nd period - Snap shot by Mavrik Bourque.
12:30 of 2nd period - Stopped by Elvis Merzlikins with a rebound.
12:55 of 2nd period - Slapshot by Alex Peters.
12:55 of 2nd period - Stopped by Elvis Merzlikins with a rebound.
12:57 of 2nd period - Wrist shot by Ty Dellandrea.
12:57 of 2nd period - Stopped by Elvis Merzlikins without a rebound.
12:58 of 2nd period - Mavrik Bourque wins face-off versus Mark Jankowski in Tucson Roadrunners zone.
13:01 of 2nd period - Wrist shot by Mavrik Bourque.
13:01 of 2nd period - Shot Misses the Net.
13:03 of 2nd period - Snap shot by Lauri Pajuniemi.
13:03 of 2nd period - Stopped by Elvis Merzlikins with a rebound.
13:05 of 2nd period - Snap shot by Mavrik Bourque.
13:05 of 2nd period - Stopped by Elvis Merzlikins with a rebound.
13:07 of 2nd period - Slapshot by Mavrik Bourque.
13:07 of 2nd period - Deflect By Roby Jarventie.
13:07 of 2nd period - Shot Blocked by Simon Benoit.
13:07 of 2nd period - Puck is out of play.
13:08 of 2nd period - Mavrik Bourque wins face-off versus Mark Jankowski in Tucson Roadrunners zone.
13:15 of 2nd period - Snap shot by Mavrik Bourque.
13:15 of 2nd period - Stopped by Elvis Merzlikins with a rebound.
13:17 of 2nd period - Snap shot by Lauri Pajuniemi.
13:17 of 2nd period - Shot Misses the Net.
13:19 of 2nd period - Snap shot by Lauri Pajuniemi.
13:19 of 2nd period - Shot Hit the Post.
13:33 of 2nd period - Snap shot by Mark Jankowski.
13:33 of 2nd period - Shot Misses the Net.
13:45 of 2nd period - Slapshot by Mavrik Bourque.
13:45 of 2nd period - Stopped by Elvis Merzlikins with a rebound.
13:47 of 2nd period - Slapshot by Kim Nousiainen.
13:47 of 2nd period - Stopped by Elvis Merzlikins with a rebound.
13:49 of 2nd period - Slapshot by Kim Nousiainen.
13:49 of 2nd period - Stopped by Elvis Merzlikins with a rebound.
13:51 of 2nd period - Snap shot by Roby Jarventie.
13:51 of 2nd period - Deflect By Mavrik Bourque.
13:51 of 2nd period - Stopped by Elvis Merzlikins without a rebound.
13:52 of 2nd period - Ross Colton wins face-off versus Ty Dellandrea in Tucson Roadrunners zone.
13:54 of 2nd period - Minor Penalty to Robert Hagg for Holding.
13:55 of 2nd period - Ross Colton wins face-off versus Ty Dellandrea in Tucson Roadrunners zone.
15:43 of 2nd period - Jack Drury is hit by Nicolas Petan and loses puck.
15:54 of 2nd period - Penalty to Robert Hagg is over, Robert Hagg is back on ice.
16:14 of 2nd period - Snap shot by Nicolas Petan.
16:14 of 2nd period - Stopped by Arvid Holm with a rebound.
16:16 of 2nd period - Wrist shot by Matthew Highmore.
16:16 of 2nd period - Stopped by Arvid Holm without a rebound.
16:17 of 2nd period - Benjamin Jones wins face-off versus Mavrik Bourque in Kelowna Rockets zone.
16:18 of 2nd period - Snap shot by Marian Studenic.
16:18 of 2nd period - Shot Blocked by Eemil Viro.
16:20 of 2nd period - Snap shot by Johnathan Kovacevic.
16:20 of 2nd period - Goal by Johnathan Kovacevic - Kelowna Rockets : 1 - Tucson Roadrunners : 3.
16:21 of 2nd period - Ross Colton wins face-off versus Ty Dellandrea in neutral zone.
16:28 of 2nd period - Johnathan Kovacevic is hit by Alex Peters.
17:07 of 2nd period - Snap shot by Roby Jarventie.
17:07 of 2nd period - Stopped by Elvis Merzlikins without a rebound.
17:08 of 2nd period - Jack Drury wins face-off versus Mikhail Maltsev in Tucson Roadrunners zone.
17:38 of 2nd period - Backhand shot by Anthony Richard.
17:38 of 2nd period - Shot Misses the Net.
17:40 of 2nd period - Slapshot by Radim Simek.
17:40 of 2nd period - Shot Misses the Net.
17:42 of 2nd period - Snap shot by Matthew Highmore.
17:42 of 2nd period - Stopped by Arvid Holm with a rebound.
17:44 of 2nd period - Slapshot by Radim Simek.
17:44 of 2nd period - Shot Blocked by Kim Nousiainen.
17:58 of 2nd period - Eemil Viro is hit by Radim Simek and loses puck.
18:21 of 2nd period - Snap shot by Anthony Richard.
18:21 of 2nd period - Stopped by Arvid Holm without a rebound.
18:22 of 2nd period - Jack Drury wins face-off versus Ross Colton in Kelowna Rockets zone.
18:27 of 2nd period - Jack Drury is hit by Carson Soucy and loses puck.
18:32 of 2nd period - Wrist shot by William Carrier.
18:32 of 2nd period - Deflect By Ross Colton.
18:32 of 2nd period - Stopped by Arvid Holm with a rebound.
19:10 of 2nd period - Lucas Johansen is hit by Carson Soucy and loses puck.
19:22 of 2nd period - Off-side.
19:23 of 2nd period - Ross Colton wins face-off versus Jack Drury in neutral zone.
19:32 of 2nd period - Snap shot by Ross Colton.
19:32 of 2nd period - Stopped by Arvid Holm with a rebound.
19:53 of 2nd period - Wrist shot by Radim Simek.
19:53 of 2nd period - Shot Misses the Net.
Goals for this period are 1 for Kelowna Rockets vs 1 for Tucson Roadrunners.
Shots for this period are 25 for Kelowna Rockets vs 10 for Tucson Roadrunners.
3rd period
0:01 of 3rd period - Ross Colton wins face-off versus Ty Dellandrea in neutral zone.
0:14 of 3rd period - Slapshot by William Carrier.
0:14 of 3rd period - Shot Misses the Net.
0:16 of 3rd period - Slapshot by Nick Seeler.
0:16 of 3rd period - Stopped by Arvid Holm with a rebound.
0:22 of 3rd period - Minor Penalty to Alex Peters for Hooking.
0:23 of 3rd period - Ross Colton wins face-off versus Jesse Ylonen in Kelowna Rockets zone.
0:36 of 3rd period - Snap shot by William Carrier.
0:36 of 3rd period - Stopped by Arvid Holm with a rebound.
0:38 of 3rd period - Snap shot by Matt Nieto.
0:38 of 3rd period - Stopped by Arvid Holm with a rebound.
2:22 of 3rd period - Penalty to Alex Peters is over, Alex Peters is back on ice.
2:22 of 3rd period - Roby Jarventie is hit by Mikhail Maltsev.
2:44 of 3rd period - Nick Seeler is hit by Kim Nousiainen and loses puck.
3:01 of 3rd period - Wrist shot by Matthew Highmore.
3:01 of 3rd period - Shot Misses the Net.
3:59 of 3rd period - Benjamin Jones is hit by Anttoni Honka and loses puck.
4:10 of 3rd period - Joel Kiviranta is hit by Ross Colton.
4:48 of 3rd period - Ty Dellandrea is hit by Nicolas Petan and loses puck.
4:59 of 3rd period - William Carrier is hit by Lauri Pajuniemi and loses puck.
5:48 of 3rd period - Minor Penalty to Ross Colton for Holding.
5:49 of 3rd period - Ty Dellandrea wins face-off versus Anthony Richard in Tucson Roadrunners zone.
6:00 of 3rd period - Snap shot by Matias Maccelli.
6:00 of 3rd period - Stopped by Elvis Merzlikins with a rebound.
6:02 of 3rd period - Wrist shot by Matias Maccelli.
6:02 of 3rd period - Stopped by Elvis Merzlikins without a rebound.
6:03 of 3rd period - Anthony Richard wins face-off versus Jack Drury in Tucson Roadrunners zone.
7:14 of 3rd period - Nicolas Petan is hit by Oskar Back and loses puck.
7:48 of 3rd period - Penalty to Ross Colton is over, Ross Colton is back on ice.
8:11 of 3rd period - Wrist shot by Ross Colton.
8:11 of 3rd period - Shot Blocked by Eemil Viro.
8:13 of 3rd period - Slapshot by Robert Hagg.
8:13 of 3rd period - Deflect By Matt Nieto.
8:13 of 3rd period - Goal by Matt Nieto - Kelowna Rockets : 1 - Tucson Roadrunners : 4.
8:14 of 3rd period - Mikhail Maltsev wins face-off versus Jack Drury in neutral zone.
8:25 of 3rd period - Wrist shot by Joel Kiviranta.
8:25 of 3rd period - Stopped by Elvis Merzlikins without a rebound.
8:26 of 3rd period - Mark Jankowski wins face-off versus Jesse Ylonen in Tucson Roadrunners zone.
8:44 of 3rd period - Minor Penalty to Alex Peters for Hooking.
8:45 of 3rd period - Matias Maccelli wins face-off versus Ross Colton in Kelowna Rockets zone.
10:44 of 3rd period - Penalty to Alex Peters is over, Alex Peters is back on ice.
11:12 of 3rd period - Wrist shot by Benjamin Jones.
11:12 of 3rd period - Stopped by Arvid Holm with a rebound.
11:14 of 3rd period - Wrist shot by Marian Studenic.
11:14 of 3rd period - Goal by Marian Studenic - Kelowna Rockets : 1 - Tucson Roadrunners : 5.
11:15 of 3rd period - Ross Colton wins face-off versus Connor Zary in neutral zone.
11:42 of 3rd period - Mavrik Bourque is hit by Nicolas Petan and loses puck.
12:17 of 3rd period - Minor Penalty to Ty Dellandrea for Roughing.
12:18 of 3rd period - Matias Maccelli wins face-off versus Ross Colton in Kelowna Rockets zone.
12:18 of 3rd period - Matias Maccelli is hit by William Carrier.
12:30 of 3rd period - Lucas Johansen is hit by Carson Soucy and loses puck.
12:43 of 3rd period - Carson Soucy is hit by Oskari Laaksonen and loses puck.
12:48 of 3rd period - Snap shot by Joel Kiviranta.
12:48 of 3rd period - Shot Misses the Net.
12:50 of 3rd period - Slapshot by Jesse Ylonen.
12:50 of 3rd period - Stopped by Elvis Merzlikins without a rebound.
12:51 of 3rd period - Jesse Ylonen wins face-off versus Ross Colton in Tucson Roadrunners zone.
12:52 of 3rd period - Wrist shot by Joel Kiviranta.
12:52 of 3rd period - Stopped by Elvis Merzlikins without a rebound.
12:53 of 3rd period - Ross Colton wins face-off versus Jesse Ylonen in Tucson Roadrunners zone.
13:04 of 3rd period - Snap shot by William Carrier.
13:04 of 3rd period - Stopped by Arvid Holm without a rebound.
13:05 of 3rd period - Matias Maccelli wins face-off versus Ross Colton in Kelowna Rockets zone.
13:10 of 3rd period - Snap shot by Oskari Laaksonen.
13:10 of 3rd period - Stopped by Elvis Merzlikins without a rebound.
13:11 of 3rd period - Matias Maccelli wins face-off versus Ross Colton in Tucson Roadrunners zone.
13:22 of 3rd period - Snap shot by Ross Colton.
13:22 of 3rd period - Stopped by Arvid Holm with a rebound.
13:24 of 3rd period - Slapshot by Carson Soucy.
13:24 of 3rd period - Deflect By Matt Nieto.
13:24 of 3rd period - Deflect By Matias Maccelli.
13:24 of 3rd period - Shot Misses the Net.
13:24 of 3rd period - Puck is out of play.
13:25 of 3rd period - Ross Colton wins face-off versus Jesse Ylonen in Kelowna Rockets zone.
13:36 of 3rd period - Wrist shot by Ross Colton.
13:36 of 3rd period - Goal by Ross Colton - Kelowna Rockets : 1 - Tucson Roadrunners : 6.
13:37 of 3rd period - Ross Colton wins face-off versus Ty Dellandrea in neutral zone.
13:47 of 3rd period - Snap shot by Matias Maccelli.
13:47 of 3rd period - Shot Misses the Net.
14:03 of 3rd period - Jack Drury is hit by Mark Jankowski and loses puck.
15:06 of 3rd period - Lauri Pajuniemi is hit by Marian Studenic and loses puck.
15:51 of 3rd period - Major / Game Misconduct Penalty to Nick Seeler for Unsportsmanlike conduct.
15:51 of 3rd period - Nick Seeler is ejected from game.
15:52 of 3rd period - Ty Dellandrea wins face-off versus Ross Colton in Tucson Roadrunners zone.
17:23 of 3rd period - Matias Maccelli is hit by Matt Nieto and loses puck.
17:36 of 3rd period - Oskar Back is hit by Anthony Richard and loses puck.
Goals for this period are 0 for Kelowna Rockets vs 3 for Tucson Roadrunners.
Shots for this period are 6 for Kelowna Rockets vs 9 for Tucson Roadrunners.
Back to the Top